 Dungeon Crawl Stone Soup version 0.27-a0-535-g7eaf864cf9 (webtiles) character file.

Game seed: 7729045692590745022

51 HELP the Sneak (level 3, 16/16 HPs)
             Began as a Spriggan Enchanter on Mar 6, 2021.
             Quit the game on level 3 of the Dungeon on Mar 10, 2021.
             The game lasted 00:16:49 (2174 turns).

HELP the Sneak (Spriggan Enchanter)                 Turns: 2174, Time: 00:16:50

Health: 16/16      AC:  2    Str:  4    XL:     3   Next: 57%
Magic:  9/9        EV: 17    Int: 17    God:
Gold:   79         SH:  0    Dex: 15    Spells: 6/9 levels left

rFire    x . .     SeeInvis +   a - +1 dagger
rCold    + . .     Faith    .   (shield restricted)
rNeg     . . .     Spirit   .   n - +0 robe
rPois    .         Reflect  .   (helmet restricted)
rElec    .         Harm     .   (no cloak)
rCorr    .         Rampage  .   (gloves unavailable)
Will     .....                  (boots unavailable)
Stlth    +++.......             (no amulet)
HPRegen  0.05/turn              e - ring of ice
MPRegen  0.11/turn              (no ring)

@: very quick
A: very small, unfitting armour, see invisible, speed 3
a: no special abilities


You were on level 3 of the Dungeon.
You visited 1 branch of the dungeon, and saw 3 of its levels.

You collected 79 gold pieces.

Inventory:

Hand Weapons
 a - a +1 dagger (weapon)
 b - a +0 hunting sling
Missiles
 m - 20 sling bullets
Armour
 n - a +0 robe (worn)
Jewellery
 e - a ring of ice (left hand)
Scrolls
 c - a scroll of noise {unknown}
 f - a scroll of teleportation {unknown}
 g - a scroll of amnesia {unknown}
 k - a scroll of immolation {unknown}
 l - a scroll of identify {unknown}
Potions
 d - a potion of berserk rage {unknown}
 h - a potion of curing {unknown}
 i - a potion of heal wounds {unknown}
 j - 2 potions of brilliance {unknown}


   Skills:
 - Level 1.1 Short Blades
 - Level 2.6 Dodging
 + Level 5.1 Stealth
 * Level 3.9 Spellcasting
 * Level 4.3 Hexes


You had 6 spell levels left.
You knew the following spells:

 Your Spells              Type           Power      Damage    Failure   Level
a - Corona                Hex            20%        N/A       2%          1
z - Ensorcelled Hibernat  Hex/Ice        32%        N/A       10%         2

Your spell library contained the following spells:

 Spells                   Type           Power      Damage    Failure   Level
 Confusing Touch          Hex            18%        N/A       8%          3
 Tukima's Dance           Hex            18%        N/A       8%          3
 Dazzling Flash           Conj/Hex       20%        N/A       21%         3


Dungeon Overview and Level Annotations

Branches:
Dungeon (3/15)

Altars:


Innate Abilities, Weirdness & Mutations

You are very small and have problems with some larger weapons.
You are too small for most types of armour.
You have supernaturally acute eyesight. (SInv)
You cover ground extremely quickly. (Speed+++)


Message History

The adder bites you.
You are poisoned.
The adder poisons you!
You feel sick.
There is a stone staircase leading down here.
You climb downwards. 2 kobolds come into view.
You feel sick.
Your magical contamination has completely faded away.
Found a scroll labelled FOGAARGHUCKI.
There is a stone staircase leading up here.
A kobold comes into view.
Found a puce potion.
Found a stone staircase leading up.
Found a hunting sling.
There is a stone staircase leading up here.
You feel sick.
You climb upwards.
A quokka and a giant cockroach come into view.
There is a stone staircase leading down here.
You climb downwards.
You feel sick.
You are no longer poisoned.
There is a stone staircase leading up here.
You start resting.
Magic restored.
HP restored.
You see here a +0 hunting sling.
n - a +0 hunting sling Adjust (i)tems, (s)pells, or (a)bilities?
n - a +0 hunting sling Adjust to which letter? (? for menu, Esc to quit)
b - a +0 hunting sling;
n - a +0 robe (worn)
Okay, then.
Okay, then.
Unknown command.
Okay, then.
Unknown command.
Are you sure you want to abandon this character and quit the game? (Confirm with "yes".)

................
...............
#.............
#....?......
#...<.# #....##
#..###
#######.#####
#@......#...##.
#...#####<.......
#.### #........
#. ......... #
#.........
.!#....... #..
....##. #.. #####
...


There were no monsters in sight!

Vanquished Creatures
  2 dart slugs (D:1)
  4 leopard geckos
  A giant cockroach (D:2)
  4 goblins (D:1)
  3 hobgoblins (D:1)
  10 jackals
  4 bats
  A frilled lizard (D:2)
  4 kobolds (D:1)
  5 rats
38 creatures vanquished.

Notes
Turn   | Place    | Note
-------+----------+-------------------------------------------
     0 | D:1      | HELP the Spriggan Enchanter began the quest for the Orb.
     0 | D:1      | Reached XP level 1. HP: 9/9 MP: 5/5
   117 | D:1      | Reached XP level 2. HP: 5/13 MP: 5/7
   777 | D:1      | Learned a level 2 spell: Ensorcelled Hibernation
  1238 | D:1      | Reached XP level 3. HP: 14/16 MP: 0/9
  1361 | D:1      | Reached skill level 5 in Stealth
  2174 | D:3      | Quit the game

Illustrated notes

Levels and vault maps discovered:
D:1:      dpeg_arrival_arbitrary_a, layout_rooms, minmay_tromino_i4
D:2:      layout_rooms
D:3:      minmay_goblin_kobold_castle, layout_rooms,
          nicolae_gozag_zags_fifth_avenue

Skill      XL: |  1  2  3 |
---------------+----------+-----
Spellcasting   | 3 |  3.9
Hexes          | 4 |  4.3
Stealth        | 5 |  5.1
Short Blades   | |  1.1
Dodging        | |  2.6

Action                   || total
-------------------------++-------
Melee: Dagger            ||   130
 Cast: Corona            ||    22
       Ensorcelled Hiber ||    17
 Stab: Sleeping          ||    15
Armor: Robe              ||    15
Dodge: Dodged            ||   113

Table legend: (Time is in decaauts)
 A = Elapsed time spent in this place.
 B = Non-inter-level travel time spent in this place.
 C = Inter-level travel time spent in this place.
 D = Time resting spent in this place.
 E = Time spent auto-exploring this place.
 F = Levels seen in this place.
 G = Mean time per level.
                   A        B        C        D        E       F      G
               +--------+--------+--------+--------+--------+-----+--------+
         Total |   1869 |   1828 |     41 |    840 |    566 |   3 |  623.0 |
       Dungeon |   1869 |   1828 |     41 |    840 |    566 |   3 |  623.0 |
               +--------+--------+--------+--------+--------+-----+--------+

Top non-repeatable levels by time:
     D:1: 1254 daAuts
     D:2: 407 daAuts
     D:3: 207 daAuts
